[Event "Live Chess"]
[Site "Chess.com"]
[Date "2023.09.16"]
[Round "-"]
[White "Enzoellobo"]
[Black "kadabraxadrez"]
[Result "0-1"]
[WhiteElo "172"]
[BlackElo "979"]
[TimeControl "900+5"]
[EndTime "7:50:27 PDT"]
[Termination "kadabraxadrez venceu por xeque-mate"]

1. e4 e5 2. d4 exd4 3. Bc4 Nc6 4. Qh5 g6 5. Qh4 Qxh4 6. g3 Qxe4+ 7. Kd2 Qxh1 8. Nc3 dxc3+ 9. bxc3 Qxg1 10. Rb1 Nf6 11. Rb5 Ne4+ 12. Kd3 Nxf2+ 13. Ke3 Nd1+ 14. Ke4 Nxc3+ 15. Kf4 Nxb5 16. Kg5 Qxc1+ 17. Kf6 Be7+ 18. Kg7 Qb2+ 19. c3 Qxc3+ 20. Kh6 Qxc4 21. a4 Nd6 22.
a5 Nf5# 0-1

[Event "Live Chess"]
[Site "Chess.com"]
[Date "2023.09.16"]
[Round "-"]
[White "RenatoMizuki"]
[Black "Timsoso"]
[Result "1-0"]
[WhiteElo "1141"]
[BlackElo "274"]
[TimeControl "900+5"]
[EndTime "7:50:39 PDT"]
[Termination "RenatoMizuki venceu por xeque-mate"]

1. e4 e5 2. Nf3 Nf6 3. Nc3 Nc6 4. Bc4 Bc5 5. a3 a6 6. h3 h6 7. O-O O-O 8. Ne2 Ne7 9. b4 b5 10. bxc5 bxc4 11. d3 d6 12. dxc4 dxc5 13. Qxd8 Rxd8 14. Nxe5 Rb8 15. f3 g6 16. Bxh6 Kh7 17. Nxf7 Be6 18. Nxd8 Rxd8 19. Bg5 Kg7 20. e5 Ne8 21. Bxe7 Kf7 22. Bxd8 Kf8 23. Bg5 Bxc4 24. Rfe1 Nd6 25. exd6 cxd6 26. Rad1 Bf7 27. Rxd6 Kg7 28. Bf6+ Kh6 29.
g4 g5 30. Bxg5+ Kxg5 31. f4+ Kh4 32. Rh6+ Bh5 33. Rxh5# 1-0

[Event "Live Chess"]
[Site "Chess.com"]
[Date "2023.09.16"]
[Round "-"]
[White "kadabraxadrez"]
[Black "DaviLucasMoraisLima"]
[Result "0-1"]
[WhiteElo "969"]
[BlackElo "1225"]
[TimeControl "900+5"]
[EndTime "7:52:08 PDT"]
[Termination "DaviLucasMoraisLima venceu por desistência"]

1. e4 e5 2. Nf3 d6 3. Bc4 Bg4 4.
h3 Bh5 5. Nc3 Nc6 6. d3 Nd4 7. Be3 Nxf3+ 8. gxf3 Qf6 9. Qe2 Bxf3 10. Qf1 Bxh1 11. Qxh1 0-1

[Event "Live Chess"]
[Site "Chess.com"]
[Date "2023.09.16"]
[Round "-"]
[White "Timsoso"]
[Black "DaviLucasMoraisLima"]
[Result "0-1"]
[WhiteElo "274"]
[BlackElo "1225"]
[TimeControl "900+5"]
[EndTime "7:55:55 PDT"]
[Termination "DaviLucasMoraisLima venceu por xeque-mate"]

1. e4 e5 2. Nf3 d6 3. d4 exd4 4. Bc4 Bg4 5. Nxd4 Bxd1 6. Nc3 Bh5 7. e5 dxe5 8. Bxf7+ Kxf7 9. Ne4 Qxd4 10. Ng5+ Ke8 11. Be3 Qxb2 12. O-O Be7 13. Nf3 Bxf3 14. gxf3 Qxc2 15.
Bc1 Qg6+ 16. Kh1 e4 17. fxe4 Qxe4+ 18. Kg1 Bd6 19. f3 Qh4 20. Bf4 Bxf4 21. Kh1 Qxh2# 0-1

[Event "Live Chess"]
[Site "Chess.com"]
[Date "2023.09.16"]
[Round "-"]
[White "DaviLucasMoraisLima"]
[Black "GigiAlmeidaXadrez"]
[Result "1-0"]
[WhiteElo "1230"]
[BlackElo "1068"]
[TimeControl "900+5"]
[EndTime "7:58:22 PDT"]
[Termination "DaviLucasMoraisLima venceu por xeque-mate"]

1. e4 c5 2. Bc4 d6 3. Qh5 e6 4. Nf3 Nf6 5. Qh4 g6 6. d3 Bg7 7. Ng5 O-O 8. b3 Nc6 9. Bb2 a6 10. Bxf6 Qxf6 11. Qxh7# 1-0

[Event "Live Chess"]
[Site "Chess.com"]
[Date "2023.09.16"]
[Round "-"]
[White "Dfran2015"]
[Black "Enzoellobo"]
[Result "1/2-1/2"]
[WhiteElo "519"]
[BlackElo "179"]
[TimeControl "900+5"]
[EndTime "8:00:19 PDT"]
[Termination "Empate por afogamento"]

1. e4 e5 2. Nf3 d5 3. Nxe5 Bb4 4.
Qf3 Qg5 5. Qxf7+ Kd8 6. Qf8+ Bxf8 7. Nf7+ Ke8 8. Nxg5 Nf6 9. Bd3 Be7 10. O-O Kf8 11.
exd5 Bg4 12. Nc3 Bc5 13. Ne6+ Ke7 14. Nxc5 b6 15. N5e4 h5 16. Nxf6 gxf6 17. Be2 h4 18.
Bxg4 Rg8 19. Re1+ Kd8 20. Bh3 Nd7 21. d6 cxd6 22. Nd5 Rc8 23. Nxf6 Nxf6 24. Bxc8 Kxc8 25. Re6 Kd7 26. Rxf6 Re8 27. Rf7+ Kd8 28. g3 h3 29. f3 Re1+ 30. Kf2 Rh1 31. d3 Rxh2+ 32. Kg1 Rg2+ 33. Kf1 Ke8 34. Rxa7 h2 35. Kxg2 h1=Q+ 36. Kxh1 b5 37. Rb7 d5 38. Rxb5 d4 39. Rd5 Ke7 40. Rxd4 Kf6 41.
g4 Ke5 42. c3 Ke6 43. g5 Ke5 44. f4+ Kf5 45. b4 Kg4 46. g6 Kh5 47. g7 Kh4 48.
g8=Q Kh3 49. f5 1/2-1/2

[Event "Live Chess"]
[Site "Chess.com"]
[Date "2023.09.16"]
[Round "-"]
[White "GigiAlmeidaXadrez"]
[Black "Timsoso"]
[Result "1-0"]
[WhiteElo "1068"]
[BlackElo "274"]
[TimeControl "900+5"]
[EndTime "8:02:35 PDT"]
[Termination "GigiAlmeidaXadrez venceu por xeque-mate"]

1. e4 Nf6 2. Nc3 g6 3. d4 Bg7 4. Nf3 O-O 5. Bc4 Nc6 6. O-O b6 7. Bd2 Ba6 8. Bxa6 Qb8 9. Bb5 Qb7 10. Qc1 Kh8 11. Bh6 Bxh6 12. Qxh6 a6 13. Bxc6 dxc6 14. Ng5 Rg8 15. Nxf7# 1-0

[Event "Live Chess"]
[Site "Chess.com"]
[Date "2023.09.16"]
[Round "-"]
[White "Dfran2015"]
[Black "DaviLucasMoraisLima"]
[Result "0-1"]
[WhiteElo "518"]
[BlackElo "1230"]
[TimeControl "900+5"]
[EndTime "8:06:00 PDT"]
[Termination "DaviLucasMoraisLima venceu por desistência"]

1. e4 e5 2. Nf3 d6 3. Bc4 Bg4 4. O-O Nc6 5. h3 Bh5 6. Be2 Nf6 7. Ng5 Bxe2 8. Qxe2 Nd4 9. Qd3 d5 10. exd5 Qxd5 11.
c3 Nc6 12. Qxd5 Nxd5 13. c4 Ndb4 14. Ne4 Nc2 15. d3 Nxa1 16. Nbc3 Nc2 17. Nd5 O-O-O 18.
Bg5 f6 19. Nexf6 gxf6 20. Bxf6 Bc5 21. Bxh8 Rxh8 22. Ne7+ Nxe7 23. Re1 Nxe1 24. Kh2 Bd6 25. Kg3 e4+ 26. Kg4 Rg8+ 27. Kh5 Bf4 28. Kh4 Nf5+ 0-1

[Event "Live Chess"]
[Site "Chess.com"]
[Date "2023.09.16"]
[Round "-"]
[White "RenatoMizuki"]
[Black "kadabraxadrez"]
[Result "1-0"]
[WhiteElo "1145"]
[BlackElo "956"]
[TimeControl "900+5"]
[EndTime "8:07:20 PDT"]
[Termination "RenatoMizuki venceu por xeque-mate"]

1. e4 e5 2. Nf3 Nc6 3. Bc4 Bc5 4. c3 Nf6 5. d4 exd4 6. cxd4 Bb4+ 7. Bd2 Bxd2+ 8.
Nbxd2 d5 9. exd5 Nxd5 10. Qe2+ Be6 11. Bxd5 Qxd5 12. Nb3 O-O 13. O-O Rfe8 14. Rfe1 g6 15. Qe3 Rad8 16. Re2 Nb4 17. a3 Nc6 18. Nbd2 b5 19.
Rae1 Re7 20. b3 a5 21. h3 Rde8 22. Qg5 Qxg5 23. Nxg5 Nxd4 24. Re4 Nxb3 25. Nxb3 Bxb3 26. Rxe7 Rxe7 27. Rxe7 Kg7 28. Rxc7 Kf6 29. Nxh7+ Ke6 30.
f4 b4 31. axb4 axb4 32. Rb7 Bd5 33. Rxb4 f5 34. Ng5+ Kf6 35. Rb6+ Ke7 36. Rxg6 Kf8 37. Ne6+ Kf7 38. Nc7 Bxg2 39. Rxg2 Ke7 40. Rg7+ Kf6 41. Rh7 Kg6 42. Rd7 Kh5 43. Kg2 Kh4 44. Rh7# 1-0

[Event "Live Chess"]
[Site "Chess.com"]
[Date "2023.09.16"]
[Round "-"]
[White "DaviLucasMoraisLima"]
[Black "kadabraxadrez"]
[Result "1-0"]
[WhiteElo "1233"]
[BlackElo "948"]
[TimeControl "900+5"]
[EndTime "8:09:24 PDT"]
[Termination "DaviLucasMoraisLima venceu por desistência"]

1. e4 e5 2. Bc4 Nf6 3. Nc3 Nc6 4. Nf3 Bc5 5. O-O O-O 6. d3 d6 7.
Bg5 Bg4 8. Nd5 Qe7 9. Nxe7+ Kh8 10. Nxc6 bxc6 11. Bxf6 gxf6 12. h3 1-0

[Event "Live Chess"]
[Site "Chess.com"]
[Date "2023.09.16"]
[Round "-"]
[White "Timsoso"]
[Black "GigiAlmeidaXadrez"]
[Result "0-1"]
[WhiteElo "293"]
[BlackElo "1068"]
[TimeControl "900+5"]
[EndTime "8:14:12 PDT"]
[Termination "GigiAlmeidaXadrez venceu por xeque-mate"]

1. e4 c5 2. Nf3 d6 3. Bc4 Nf6 4. Nc3 g6 5. O-O Bg7 6. Ne5 dxe5 7. Qf3 O-O 8. Bd3 Nc6 9. Be2 Bg4 10. Qg3 Bxe2 11. Nxe2 Nxe4 12. Qe3 Qd5 13. Nf4 exf4 14. Qxf4 Qe5 15. Qf3 Ng5 16. Qb3 b6 17.
d4 Qxd4 18. Bxg5 Qxb2 19. Qe3 e6 20. Qc1 Qxc1 21. Bxc1 Bxa1 22. Ba3 Bg7 23. Rb1 Rfd8 24. Bc1 Rd1# 0-1

[Event "Live Chess"]
[Site "Chess.com"]
[Date "2023.09.16"]
[Round "-"]
[White "DaviLucasMoraisLima"]
[Black "RenatoMizuki"]
[Result "1/2-1/2"]
[WhiteElo "1231"]
[BlackElo "1147"]
[TimeControl "900+5"]
[EndTime "8:16:46 PDT"]
[Termination "Partida empatada por acordo"]

1. e4 e5 2. Bc4 Nc6 3. Qh5 g6 4. Qf3 Nf6 5. d3 Nd4 6. Qd1 a6 7. c3 Nc6 8. Bg5 Bg7 9. d4 O-O 10. dxe5 Nxe5 11. Qd4 Nxc4 12. Qxc4 b5 13. Qe2 h6 14. Bh4 d6 15. Nf3 Qd7 16. e5 dxe5 17. Nxe5 Re8 18. Nxd7 Rxe2+ 19. Kxe2 Bxd7 20. Kf1 Re8 21.
Nd2 Ne4 22. Nxe4 Rxe4 23. Re1 Rxh4 24. Re7 Bc6 25. Rxc7 Be8 26. Rc8 Kf8 27. g3 Re4 28. Kg2 f5 29. f3 Re2+ 30. Kf1 Rxb2 31. a3 1/2-1/2